cohdb
Replays
Latest Replays
All Replays
Popular Replays
Top Player Replays
Match Explorer
How It Works
Community
CoH3 Stats
Reddit
Sign in to upload your games and track your stats! →
Sign in with Steam
Match 42992597
Unlisted
Match 42992597
Overview
Messages
Build Orders
End
Panzergrenadier Squad
Selects Italian Infantry
250 Light Carrier
Panzergrenadier Squad
Construct Light Support Kompanie
Combat Half-tracks
Fire Support Elements
Pak 38 Mechanized Group
Flakvierling Half-track
Selects Defensive Operations
MG34 Team
Construct Mechanized Kompanie
Assault Grenadier Squad
StuG III D Assault Gun
Pak 38 Mechanized Group
Selects Prepared Positions
Selects Guastatori Squad
StuG III D Assault Gun
Emergency Repair Kits
Selects Registered Artillery
StuG III D Assault Gun
Flakvierling Half-track
Rapid Advance
Panzerpioneer Squad
StuG III D Assault Gun
StuG III D Assault Gun
Selects Obice 305mm Barrage
Obice 305mm Barrage
A_Smoove
The_Honey_Bear
M3di4t0r
Metalzone
0
0
Comments
sign in to comment!
No comments posted yet!